 Dungeon Crawl Stone Soup version 0.31-a0-345-g1ebeae05c6 (webtiles) character file.

Game seed: 14125067787433384209

109896 zazu2006 the Cruncher (level 16, -16/125 HPs)
             Began as a Gnoll Wanderer on July 22, 2023.
             Was the Champion of Vehumet.
             Killed from afar by Azrael (31 damage)
             ... with damnation
             ... on level 14 of the Dungeon.
             The game lasted 01:35:39 (31343 turns).

zazu2006 the Cruncher (Gnoll Wanderer)             Turns: 31343, Time: 01:35:40

Health: -16/125    AC: 20    Str: 20    XL:     16   Next: 53%
Magic:  31/31      EV: 18    Int: 16    God:    Vehumet [******]
Gold:   4374       SH: 13    Dex: 20    Spells: 17/38 levels left

rFire   + . .        t - +7 captain's cutlass {speed, disarm}
rCold   . . .        N - +0 kite shield
rNeg    + . .        F - +4 ring mail of a wizard's laboratory {rF+ rN+}
rPois   .            h - +0 hat of the Grue {rCorr Str+2}
rElec   .            Z - scarf {repulsion}
rCorr   +            f - +0 pair of gloves of the Thinker {Contam Str+5}
SInv    .            U - +2 pair of boots
Will    +....        d - amulet of magic regeneration
Stlth   ++++         o - +4 ring of protection
HPRegen 0.40/turn    R - +6 ring of dexterity
MPRegen 0.62/turn

%: repel missiles
@: no status effects
A: fangs 1, strong nose, distributed training
a: Renounce Religion


You were on level 14 of the Dungeon.
You worshipped Vehumet.
Vehumet was exalted by your worship.
You visited 4 branches of the dungeon, and saw 23 of its levels.
You also visited: Gauntlet and Ice Cave.

You collected 4609 gold pieces.
You spent 235 gold pieces at shops.

Inventory:

Hand Weapons
 b - the +7 halberd of Dotteuso {flame, Int+2}
   (You found it on level 11 of the Dungeon)

   Int:       It affects your intelligence (+2).
 t - the +7 captain's cutlass (weapon) {speed, disarm}
   (You found it on level 2 of the Dungeon)
 z - the +6 falchion of Mourning {flame, MP+9 Int+3 Dex+4}
   (You took it off a vampire on level 11 of the Dungeon)

   Int:       It affects your intelligence (+3).
   Dex:       It affects your dexterity (+4).
   MP:        It affects your magic capacity (+9).
Missiles
 S - 2 throwing nets
Armour
 f - the +0 pair of gloves of the Thinker (worn) {Contam Str+5}
   (You found it in a Gauntlet)

   Str:       It affects your strength (+5).
   Contam:    It causes magical contamination when unequipped.
 h - the +0 hat of the Grue (worn) {rCorr Str+2}
   (You found it in a Gauntlet)

   Str:       It affects your strength (+2).
   rCorr:     It protects you from acid and corrosion.
 F - the +4 ring mail of a wizard's laboratory (worn) {rF+ rN+}
   (You found it on level 5 of the Dungeon)

   rF:        It protects you from fire.
   rN:        It protects you from negative energy.
 N - a +0 kite shield (worn)
 U - a +2 pair of boots (worn)
 Z - a scarf of repulsion (worn)
Jewellery
 d - an amulet of magic regeneration (around neck)
 o - a +4 ring of protection (left hand)
 R - a +6 ring of dexterity (right hand)
 T - a ring of flight
Wands
 a - a wand of paralysis (14)
 m - a wand of mindburst (3)
 E - a wand of iceblast (15)
 M - a wand of acid (1)
 O - a wand of digging (6)
 X - a wand of flame (36)
Scrolls
 e - 3 scrolls of summoning
 j - 5 scrolls of blinking
 q - 4 scrolls of noise
 r - 12 scrolls of teleportation
 v - 4 scrolls of fog
 w - a scroll of revelation
 y - 5 scrolls of enchant armour
 C - 3 scrolls of immolation
 G - 2 scrolls of vulnerability {unknown}
 H - 3 scrolls of fear
 I - 2 scrolls of poison {unknown}
 P - a scroll of silence {unknown}
Potions
 i - 3 potions of haste
 l - 6 potions of enlightenment
 n - a potion of attraction
 p - 2 potions of might
 u - 3 potions of berserk rage
 x - 2 potions of lignification
 B - 4 potions of mutation
 D - a potion of invisibility
 J - a potion of resistance {unknown}
 K - 3 potions of ambrosia
 V - 2 potions of curing
 Y - 2 potions of cancellation


   Skills:
 + Level 11.1 Fighting
 + Level 11.1 Short Blades
 + Level 11.1 Long Blades
 + Level 11.1 Axes
 + Level 11.1 Maces & Flails
 + Level 11.1 Polearms
 + Level 13.8 Staves
 + Level 11.1 Ranged Weapons
 + Level 11.1 Throwing
 + Level 11.1 Armour
 + Level 12.8 Dodging
 + Level 11.1 Stealth
 + Level 11.1 Shields
 + Level 11.1 Unarmed Combat
 + Level 11.5 Spellcasting
 + Level 9.4 Conjurations
 + Level 9.4 Hexes
 + Level 9.4 Summonings
 + Level 9.4 Necromancy
 + Level 9.4 Translocations
 + Level 9.4 Transmutations
 + Level 9.4 Fire Magic
 + Level 9.4 Ice Magic
 + Level 9.4 Air Magic
 + Level 9.7 Earth Magic
 + Level 9.4 Poison Magic
 + Level 12.1 Invocations
 + Level 11.4 Evocations
 + Level 9.4 Shapeshifting


You had 17 spell levels left.
You knew the following spells:

 Your Spells              Type           Power      Damage    Failure   Level
a - Sandblast             Erth           80%        2d17      1%          1
b - Stone Arrow           Conj/Erth      78%        3d11      1%          3
c - Fireball              Conj/Fire      19%        3d9       3%          5
d - Sticky Flame          Conj/Fire      39%        2d6       1%          4
e - Lee's Rapid Deconstr  Erth           20%        3d12*     3%          5
f - Dazzling Flash        Conj/Hex       78%        N/A       1%          3

Your spell library contained the following spells:

 Spells                   Type           Power      Damage    Failure   Level
 Plasma Beam              Fire/Air       19%        2x1d31    17%         6
 Slow                     Hex            100%       N/A       1%          1
 Ensorcelled Hibernation  Hex/Ice        78%        N/A       1%          2
 Lesser Beckoning         Tloc           78%        N/A       1%          2
 Momentum Strike          Conj/Tloc      78%        3d10      1%          2
 Call Canine Familiar     Summ           39%        N/A       1%          3
 Confusing Touch          Hex            39%        N/A       1%          3
 Portal Projectile        Hex/Tloc       78%        N/A       1%          3
 Summon Guardian Golem    Hex/Summ       39%        N/A       1%          3
 Vampiric Draining        Necr           39%        2d8       1%          3
 Vhi's Electric Charge    Tloc/Air       78%        N/A       1%          3
 Volatile Blastmotes      Fire/Tloc      78%        2d16      1%          3
 Arcjolt                  Conj/Air       19%        1d29      3%          5
 Anguish                  Hex/Necr       19%        N/A       4%          4
 Animate Dead             Necr           39%        N/A       4%          4
 Leda's Liquefaction      Hex/Erth       19%        N/A       4%          4
 Borgnjor's Vile Clutch   Necr/Erth      19%        N/A       12%         5
 Starburst                Conj/Fire      19%        6d7       17%         6
 Death Channel            Necr           19%        N/A       56%         6
 Orb of Destruction       Conj           19%        9d8       65%         7
 Spellforged Servitor     Conj/Summ      19%        N/A       65%         7
 Maxwell's Capacitive Co  Air            19%        ∞         99%         8


Dungeon Overview and Level Annotations

Branches:
Dungeon (15/15)            Temple (1/1) D:5            Lair (5/5) D:9
 Shoals (0/4) Lair:2        Snake (0/4) Lair:3        Slime (0/5) Lair:5
    Orc (2/2) D:11            Elf (0/3) Orc:2        Vaults (0/5) D:14
 Depths (0/4) D:15          IceCv (visited)         Gauntlet (visited)

Altars:
Ashenzari
Cheibriados
Dithmenos
Elyvilon
Fedhas
Gozag
Hepliaklqana
Kikubaaqudgha
Makhleb
Nemelex Xobeh
Okawaru
Qazlal
Ru
Sif Muna
Trog
Uskayaw
Vehumet
Wu Jian
Xom
Yredelemnul
Zin
The Shining One

Shops:
D:3 ?   Orc:2 :(*:?

Portals:
Hell: Lair:5
Trove: D:11 (give 17 scrolls of teleportation)

Annotations:
D:12 Frances
D:14 Azrael
D:15 Roxanne


Innate Abilities, Weirdness & Mutations

You have very sharp teeth.
Your uncanny sense of smell can sniff out nearby items.
Your experience applies equally to all skills.


Message History

Confirm with . or Enter, or press ? or * to list all spells.
Aiming: Stone Arrow (safe; 1% risk of failure)
Press: ? - help, Shift-Dir - straight line, f - Azrael
Aim: Azrael, wielding a +0 scimitar of flaming (heavily wounded, 91% to hit)
The stone arrow misses Azrael.
Azrael gestures at you.
The sphere of damnation explodes!
The damnation engulfs you!!
* * * LOW HITPOINT WARNING * * *
The damnation engulfs Azrael.
Azrael completely resists.
Casting: Stone Arrow (safe; 1% risk of failure)
Confirm with . or Enter, or press ? or * to list all spells.
Aiming: Stone Arrow (safe; 1% risk of failure)
Press: ? - help, Shift-Dir - straight line, f/p - Azrael
Aim: Azrael, wielding a +0 scimitar of flaming (heavily wounded, 91% to hit)
The stone arrow hits Azrael.
Azrael is severely wounded.
You block Azrael's attack.
Unknown command.
Casting: Stone Arrow (safe; 1% risk of failure)
Confirm with . or Enter, or press ? or * to list all spells.
Aiming: Stone Arrow (safe; 1% risk of failure)
Press: ? - help, Shift-Dir - straight line, f/p - Azrael
Aim: Azrael, wielding a +0 scimitar of flaming (severely wounded, 91% to hit)
The stone arrow hits Azrael!
Azrael is severely wounded.
Azrael gestures at you.
The sphere of damnation explodes!
The damnation engulfs you!!
* * * LOW HITPOINT WARNING * * *
The damnation engulfs Azrael.
Azrael completely resists.
Okay, then.
Blink to where?
Press: ? - help, Dir - move target, p - Azrael
As you read the scroll of blinking, it crumbles to dust.
Blink to where?
Press: ? - help, Dir - move target
As you read the scroll of blinking, it crumbles to dust.
There is an open door here.
Azrael gestures at you.
The sphere of damnation explodes!
The damnation engulfs you!!
You die...

####.# 8.8 ##... #....# ##.##
#))). ###.#### #.# ##[).
##...# #.## #.### #..### 8.8
#.... #.###########.# # ##
###...
#.##8##8##8##.##8##8##8##.....
#.'..........).....R○..)'.....
####8##8##8##@##8##8##8###....
##########.## ######.### #8.8#
#......# ##.## ###.######
##.## #...# #8.8# #.###
##.#####.# ##.##....#
#8.8#.####


You could see Azrael.

Vanquished Creatures
  Rupert (D:15)
  3 orc warlords
  A stone giant (D:12)
  A very ugly thing (D:15)
  A minotaur (Gauntlet)
  Snorg (D:14)
  2 great orbs of eyes
  Josephine (D:9)
  An ice dragon (Lair:3)
  2 rakshasas
  7 hydras
  7 boulder beetles
  A hell beast (Gauntlet)
  6 centaur warriors
  7 two-headed ogres
  Erica (D:10)
  A catoblepas (Lair:5)
  An orc high priest (Orc:1)
  2 tengu warriors (D:13)
  A death yak (Lair:3)
  Nergalle (D:10)
  A sun demon (Lair:5)
  A skyshark (Lair:5)
  Lodul (D:12)
  Pikel (D:6)
  A deep elf archer (Orc:1)
  3 lindwurms
  2 wizards
  6 deep elf pyromancers
  2 deep elf zephyrmancers (Orc:1)
  A necromancer (D:14)
  4 orc knights
  8 cyclopes
  3 orc sorcerers
  Maurice (D:10)
  6 elephants (Lair:4)
  6 ugly things
  3 manticores
  A smoke demon (Lair:5)
  3 ice statues (IceCv)
  3 orange demons (Lair:5)
  18 cane toads
  A gargoyle (D:11)
  6 komodo dragons
  A minotaur zombie (Gauntlet)
  4 rime drakes
  2 efreet
  3 kobold demonologists
  2 freezing wraiths
  2 unseen horrors (D:11)
  An ice devil (Lair:5)
  A meliai (shapeshifter) (D:15)
  A red devil (Lair:5)
  5 polar bears
  A hornet (D:14)
  12 trolls
  Prince Ribbit (D:7)
  34 blink frogs
  5 shadows
  A centaur simulacrum (D:11)
  5 slime creatures
  A dire elephant simulacrum (IceCv)
  4 vampires
  6 wraiths
  3 wyverns
  5 fire elementals (D:14)
  3 basilisks
  2 steam dragons
  55 yaks
  A death yak simulacrum (IceCv)
  5 vampire mosquitoes
  2 nagas (Lair:3)
  5 wargs
  2 hydra simulacra (IceCv)
  11 water moccasins
  An acid dragon (D:12)
  7 hell hounds
  A black bear (D:5)
  2 ice beasts (D:5)
  42 orc warriors
  24 ogres
  3 sky beasts
  3 boggarts (D:15)
  37 wolves
  19 centaurs
  A phantom (D:4)
  9 kobold brigands
  11 bullfrogs
  5 gnoll sergeants
  5 scorpions
  3 cane toad simulacra (IceCv)
  8 wights
  2 elephant simulacra (IceCv)
  14 killer bees
  6 howler monkeys
  2 electric eels (Lair:1)
  11 hounds
  4 gnoll boudas
  3 jellies
  13 orc priests
  A sleepcap (D:5)
  12 hell rats
  5 iguanas
  17 orc wizards
  42 gnolls
  4 adders
  2 river rats (Lair:3)
  A shadow imp (D:7)
  An ufetubus (D:7)
  3 worms
  A dart slug (D:1)
  74 orcs
  6 endoplasms
  5 giant cockroaches
  3 goblins
  11 hobgoblins
  6 jackals (D:9)
  28 kobolds
  4 quokkas
  7 ball pythons
  A bat (D:3)
  17 rats
804 creatures vanquished.

Vanquished Creatures (collateral kills)
  A cane toad (Lair:3)
  A water moccasin (Lair:3)
  A wolf (Lair:3)
  A bullfrog (Lair:3)
4 creatures vanquished.

Vanquished Creatures (others)
  Kirke (D:12)
  An orc (Orc:1)
2 creatures vanquished.

Grand Total: 810 creatures vanquished

Notes
Turn   | Place    | Note
-------+----------+-------------------------------------------
     0 | D:1      | zazu2006 the Gnoll Wanderer began the quest for the Orb.
     0 | D:1      | zazu2006 set off with the following items: a +2
                  | quarterstaff, a +0 pair of boots, a potion of heal wounds,
                  | a +0 robe; and the following spell memorised: Sandblast;
                  | and the following spells available to memorise: Stone
                  | Arrow.
     0 | D:1      | Reached XP level 1. HP: 13/13 MP: 4/4
    19 | D:1      | Reached XP level 2. HP: 19/20 MP: 0/5
   457 | D:1      | Reached XP level 3. HP: 25/25 MP: 4/7
  1013 | D:2      | Reached skill level 1 in Invocations
  1312 | D:2      | Found the +7 captain's cutlass {speed, disarm}
  1329 | D:2      | Reached skill level 1 in Fighting
  1329 | D:2      | Reached skill level 1 in Short Blades
  1329 | D:2      | Reached skill level 1 in Long Blades
  1329 | D:2      | Reached skill level 1 in Axes
  1329 | D:2      | Reached skill level 1 in Maces & Flails
  1329 | D:2      | Reached skill level 1 in Polearms
  1329 | D:2      | Reached skill level 1 in Ranged Weapons
  1329 | D:2      | Reached skill level 1 in Throwing
  1329 | D:2      | Reached skill level 1 in Armour
  1329 | D:2      | Reached skill level 1 in Stealth
  1329 | D:2      | Reached skill level 1 in Shields
  1329 | D:2      | Reached skill level 1 in Unarmed Combat
  1415 | D:2      | Reached XP level 4. HP: 32/32 MP: 8/8
  1439 | D:2      | Found a shimmering altar of Xom.
  1827 | D:3      | Found Gacweul's Magic Scroll Shoppe.
  1856 | D:3      | Reached skill level 1 in Conjurations
  1856 | D:3      | Reached skill level 1 in Hexes
  1856 | D:3      | Reached skill level 1 in Summonings
  1856 | D:3      | Reached skill level 1 in Necromancy
  1856 | D:3      | Reached skill level 1 in Translocations
  1856 | D:3      | Reached skill level 1 in Transmutations
  1856 | D:3      | Reached skill level 1 in Fire Magic
  1856 | D:3      | Reached skill level 1 in Ice Magic
  1856 | D:3      | Reached skill level 1 in Air Magic
  1856 | D:3      | Reached skill level 1 in Poison Magic
  1856 | D:3      | Reached skill level 1 in Shapeshifting
  1885 | D:3      | Bought a scroll of identify for 20 gold pieces
  1885 | D:3      | Bought a scroll of noise for 10 gold pieces
  1943 | D:3      | Identified the +2 mace of Peril {spect, +Blink rCorr Dex+4}
  1988 | D:3      | Found a shimmering altar of Xom.
  2078 | D:3      | Noticed an ogre
  2083 | D:3      | Killed an ogre
  2084 | D:3      | Reached XP level 5. HP: 37/37 MP: 6/9
  2282 | D:4      | Found a stormy altar of Qazlal.
  2344 | D:4      | Reached XP level 6. HP: 42/44 MP: 9/11
  2765 | D:5      | Entered Level 5 of the Dungeon
  2765 | D:5      | Noticed an ice beast
  2779 | D:5      | Killed an ice beast
  2780 | D:5      | Reached XP level 7. HP: 15/50 MP: 9/12
  3020 | D:4      | Learned a level 3 spell: Stone Arrow
  3145 | D:5      | Found a staircase to the Ecumenical Temple.
  3157 | Temple   | Entered the Ecumenical Temple
  3184 | Temple   | Became a worshipper of Vehumet
  3234 | D:5      | Found a bloodstained altar of Trog.
  3258 | D:5      | Reached skill level 9 in Staves
  3456 | D:5      | Reached XP level 8. HP: 27/58 MP: 14/14
  3614 | D:5      | Identified the +4 ring mail of a wizard's laboratory {rF+
                  | rN+}
  3968 | D:6      | Noticed Pikel
  3999 | D:6      | Killed Pikel
  4000 | D:6      | Reached XP level 9. HP: 46/65 MP: 14/16
  4168 | D:6      | Reached skill level 5 in Spellcasting
  4371 | D:6      | Reached * piety under Vehumet
  4371 | D:6      | Offered knowledge of Shock by Vehumet.
  4403 | D:6      | Reached skill level 5 in Evocations
  4783 | D:6      | Found a sparkling altar of Nemelex Xobeh.
  5152 | D:7      | Found a glowing golden altar of the Shining One.
  5236 | D:7      | Reached skill level 5 in Invocations
  5447 | D:7      | Found a glowing silver altar of Zin.
  5554 | D:7      | Noticed Prince Ribbit
  5588 | D:7      | Reached ** piety under Vehumet
  5588 | D:7      | Offered knowledge of Freeze by Vehumet.
  5609 | D:7      | Killed Prince Ribbit
  5610 | D:7      | Reached XP level 10. HP: 37/73 MP: 18/18
  6370 | D:8      | Reached skill level 5 in Fighting
  6370 | D:8      | Reached skill level 5 in Short Blades
  6370 | D:8      | Reached skill level 5 in Long Blades
  6370 | D:8      | Reached skill level 5 in Axes
  6370 | D:8      | Reached skill level 5 in Maces & Flails
  6370 | D:8      | Reached skill level 5 in Polearms
  6370 | D:8      | Reached skill level 5 in Ranged Weapons
  6370 | D:8      | Reached skill level 5 in Throwing
  6370 | D:8      | Reached skill level 5 in Armour
  6370 | D:8      | Reached skill level 5 in Stealth
  6370 | D:8      | Reached skill level 5 in Shields
  6370 | D:8      | Reached skill level 5 in Unarmed Combat
  6481 | D:8      | Reached skill level 10 in Staves
  6545 | D:8      | Found a hazy altar of Hepliaklqana.
  6932 | D:8      | Noticed a lindwurm
  6957 | D:9      | Found a shadowy altar of Dithmenos.
  7267 | D:9      | Reached skill level 5 in Earth Magic
  7294 | D:9      | Offered knowledge of Momentum Strike by Vehumet.
  7706 | D:8      | Reached *** piety under Vehumet
  8104 | D:9      | Found a staircase to the Lair.
  8540 | D:9      | Offered knowledge of Volatile Blastmotes by Vehumet.
  8567 | D:9      | Identified the +0 leather armour of the Camelopard {rPois}
  8770 | Lair:1   | Entered Level 1 of the Lair of Beasts
  8833 | Lair:1   | Noticed a cane toad
  8847 | Lair:1   | Killed a cane toad
  9059 | Lair:1   | Reached XP level 11. HP: 57/81 MP: 20/20
  9241 | Lair:1   | Reached skill level 5 in Conjurations
  9241 | Lair:1   | Reached skill level 5 in Hexes
  9241 | Lair:1   | Reached skill level 5 in Summonings
  9241 | Lair:1   | Reached skill level 5 in Necromancy
  9241 | Lair:1   | Reached skill level 5 in Translocations
  9241 | Lair:1   | Reached skill level 5 in Transmutations
  9241 | Lair:1   | Reached skill level 5 in Fire Magic
  9241 | Lair:1   | Reached skill level 5 in Ice Magic
  9241 | Lair:1   | Reached skill level 5 in Air Magic
  9241 | Lair:1   | Reached skill level 5 in Poison Magic
  9241 | Lair:1   | Reached skill level 5 in Shapeshifting
  9980 | Lair:2   | Reached **** piety under Vehumet
 10891 | Lair:2   | Offered knowledge of Fireball by Vehumet.
 10946 | Lair:2   | Learned a level 5 spell: Fireball
 11106 | Lair:2   | Found a staircase to the Shoals.
 11554 | Lair:2   | Reached skill level 11 in Staves
 11580 | Lair:2   | Reached XP level 12. HP: 55/89 MP: 23/23
 12160 | Lair:2   | Reached ***** piety under Vehumet
 12485 | Lair:2   | Noticed a four-headed hydra
 12493 | Lair:2   | Killed a four-headed hydra
 13004 | Lair:3   | Reached skill level 10 in Dodging
 13033 | Lair:3   | Noticed an ice dragon
 13033 | Lair:3   | Found a frozen archway.
 13177 | Lair:3   | Offered knowledge of Sticky Flame by Vehumet.
 13184 | Lair:3   | Learned a level 4 spell: Sticky Flame
 13251 | Lair:3   | Killed an ice dragon
 13259 | IceCv    | Entered an ice cave
 13357 | IceCv    | Identified the +5 dagger "Zeath" {drain, Dex+3}
 14356 | IceCv    | Got the Guide on Concussion and the Tesseract
 14471 | Lair:3   | Noticed a death yak
 14497 | Lair:3   | Killed a death yak
 14498 | Lair:3   | Reached XP level 13. HP: 64/98 MP: 25/25
 14654 | Lair:3   | Found a staircase to the Snake Pit.
 16308 | Lair:4   | Reached skill level 12 in Staves
 16831 | Lair:5   | Entered Level 5 of the Lair of Beasts
 17176 | D:10     | Entered Level 10 of the Dungeon
 17178 | D:10     | Noticed Josephine
 17231 | D:9      | Killed Josephine
 17289 | D:10     | Found an iron altar of Okawaru.
 17298 | D:10     | Offered knowledge of Fulminant Prism by Vehumet.
 17343 | D:10     | Noticed Erica
 17355 | D:10     | Killed Erica
 17553 | D:10     | Noticed Nergalle
 17560 | D:10     | Killed Nergalle
 17655 | D:10     | Noticed Maurice
 17735 | D:10     | Killed Maurice
 18564 | D:11     | Found a staircase to the Orcish Mines.
 18585 | D:11     | Reached XP level 14. HP: 106/106 MP: 27/27
 19024 | D:11     | Reached skill level 10 in Invocations
 19193 | D:11     | Identified the +6 falchion of Mourning {flame, MP+9 Int+3
                  | Dex+4}
 19203 | D:11     | Found a blossoming altar of Fedhas.
 19509 | D:11     | Identified the +7 halberd of Dotteuso {flame, Int+2}
 19806 | D:11     | Found a portal to a secret trove of treasure.
 20035 | D:12     | Noticed Lodul
 20065 | D:12     | Offered knowledge of Lee's Rapid Deconstruction by Vehumet.
 20092 | D:12     | Killed Lodul
 20102 | D:12     | Learned a level 5 spell: Lee's Rapid Deconstruction
 20292 | D:12     | Noticed Frances
 20660 | D:12     | Identified the +4 leather armour of New Discoveries {Int+2}
 20687 | D:12     | Noticed a stone giant
 20702 | D:12     | HP: 1/108 [stone giant (17)]
 20705 | D:12     | Killed a stone giant
 20706 | D:12     | Reached skill level 10 in Spellcasting
 21043 | D:12     | Noticed Kirke
 21057 | D:12     | Killed Kirke
 21141 | D:12     | Reached skill level 10 in Evocations
 22974 | D:14     | Reached XP level 15. HP: 114/115 MP: 29/29
 23216 | D:14     | Reached skill level 10 in Fighting
 23216 | D:14     | Reached skill level 10 in Short Blades
 23216 | D:14     | Reached skill level 10 in Long Blades
 23216 | D:14     | Reached skill level 10 in Axes
 23216 | D:14     | Reached skill level 10 in Maces & Flails
 23216 | D:14     | Reached skill level 10 in Polearms
 23216 | D:14     | Reached skill level 10 in Ranged Weapons
 23216 | D:14     | Reached skill level 10 in Throwing
 23216 | D:14     | Reached skill level 10 in Armour
 23216 | D:14     | Reached skill level 10 in Stealth
 23216 | D:14     | Reached skill level 10 in Shields
 23216 | D:14     | Reached skill level 10 in Unarmed Combat
 23226 | D:14     | Found a gate to the Vaults.
 23300 | D:14     | Reached skill level 13 in Staves
 23315 | D:14     | Noticed Snorg
 23330 | D:14     | Killed Snorg
 23345 | D:14     | Offered knowledge of Plasma Beam by Vehumet.
 23706 | D:15     | Entered Level 15 of the Dungeon
 23708 | D:15     | Noticed Rupert
 23752 | D:15     | Noticed Roxanne
 23835 | D:15     | Killed Rupert
 23931 | D:15     | Found a gate leading to a gauntlet.
 23937 | Gauntlet | Entered a Gauntlet
 23937 | Gauntlet | Found a transporter.
 23937 | Gauntlet | Found a transporter.
 24078 | Gauntlet | Found a transporter.
 24078 | Gauntlet | Found a transporter.
 24089 | Gauntlet | Found a transporter.
 24100 | Gauntlet | Found a transporter.
 24102 | Gauntlet | Found a large runed translucent door.
 24103 | Gauntlet | Found a large runed translucent door.
 24105 | Gauntlet | Found a runed translucent gate.
 24113 | Gauntlet | Found a transporter.
 24119 | Gauntlet | Found a transporter.
 24140 | Gauntlet | Found a large runed translucent door.
 24140 | Gauntlet | Found a large runed translucent door.
 24141 | Gauntlet | Found a large runed translucent door.
 24141 | Gauntlet | Found a large runed translucent door.
 24141 | Gauntlet | Found a runed translucent door.
 24142 | Gauntlet | Found a transporter.
 24142 | Gauntlet | Found a runed translucent gate.
 24142 | Gauntlet | Found a transporter.
 24143 | Gauntlet | Found a runed translucent gate.
 24144 | Gauntlet | Found a large runed translucent door.
 24144 | Gauntlet | Found a large runed translucent door.
 24145 | Gauntlet | Found a large runed translucent door.
 24146 | Gauntlet | Found a large runed translucent door.
 24173 | Gauntlet | Found a transporter.
 24181 | Gauntlet | Found a runed translucent door.
 24182 | Gauntlet | Found a large runed translucent door.
 24183 | Gauntlet | Found a large runed translucent door.
 24185 | Gauntlet | Found a transporter.
 24233 | Gauntlet | Found a transporter.
 24247 | Gauntlet | Found a transporter.
 24263 | Gauntlet | Found a large runed translucent door.
 24263 | Gauntlet | Found a large runed translucent door.
 24264 | Gauntlet | Found a large runed translucent door.
 24265 | Gauntlet | Found a large runed translucent door.
 24350 | Gauntlet | Found a transporter.
 24375 | Gauntlet | Found a transporter.
 24955 | Gauntlet | Identified the +0 hat of the Grue {rCorr Str+2}
 25143 | Gauntlet | Identified the +0 pair of gloves of the Thinker {Contam
                  | Str+5}
 25166 | Gauntlet | Learned a level 3 spell: Dazzling Flash
 25604 | D:15     | Found a staircase to the Depths.
 27124 | Lair:5   | Found a burning altar of Makhleb.
 27303 | Lair:5   | Reached XP level 16. HP: 87/124 MP: 31/31
 27399 | Lair:5   | Found a staircase to the Slime Pits.
 27657 | Lair:5   | Found a gateway to Hell.
 27870 | Orc:1    | Entered Level 1 of the Orcish Mines
 29299 | Orc:2    | Entered Level 2 of the Orcish Mines
 29764 | Orc:2    | Found a staircase to the Elven Halls.
 29899 | Orc:2    | Found Woer's Book Shop.
 29982 | Orc:2    | Reached ****** piety under Vehumet
 30779 | Orc:2    | Found Zobomeq's Assorted Antiques.
 30779 | Orc:2    | Found Yduubax's Book Emporium.
 30781 | Orc:2    | Found Myefaiso's Magic Scroll Shoppe.
 30783 | Orc:2    | Found Wabesiurch's Weapon Shop.
 30787 | Orc:2    | Bought a potion of curing for 90 gold pieces
 30790 | Orc:2    | Bought a scroll of identify for 20 gold pieces
 30790 | Orc:2    | Bought a scroll of enchant armour for 75 gold pieces
 30790 | Orc:2    | Bought a scroll of identify for 20 gold pieces
 30790 | Orc:2    | Identified 2 scrolls of acquirement
 30792 | Orc:2    | Acquired 1163 gold pieces
 30794 | Orc:2    | Acquired 949 gold pieces
 31030 | D:15     | Noticed Azrael
 31317 | D:14     | HP: 5/125 [Azrael/damnation (32)]
 31343 | D:14     | Killed from afar by Azrael

Illustrated notes

Levels and vault maps discovered:
D:1:      minmay_arrival_four_circles, layout_rooms, st_stairs_9
D:2:      layout_loops_corners, basic_altar, minmay_vboxes
D:3:      layout_basic, mainiacjoe_overflow_alcove_1, serial_shops, shop,
          serial_bayou_crossing
D:4:      layout_cave_pools, mainiacjoe_overflow_cross_hatched
D:5:      kennysheep_spiral_hall, layout_rooms, lemuel_doored_altar
D:6:      layout_loops_cross, nemelex_xobeh_ov_fountains_minmay, uniq_pikel
D:7:      layout_layer_cave, tso_metal_star, mainiacjoe_overflow_alcove_4,
          minivault_22, uniq_prince_ribbit1
D:8:      layout_loops_ring, nzn_hepliaklqana_mist_gate, minmay_lindwurm_lava
D:9:      layout_cave_pools, mainiacjoe_overflow_tiny_flanked,
          grunt_lair_entry_orc_guard_hut, serial_gnoll_camp,
          gnoll_camp_mini_doghouse, gnoll_camp_huts_basic,
          gnoll_camp_mini_loothouse, gnoll_camp_mini_doghouse,
          gnoll_camp_medium_01
D:10:     layout_loops_ring, okawaru_trees_2, uniq_nergalle, uniq_erica,
          uniq_maurice, uniq_josephine
D:11:     layout_cave_pools, kennysheep_orc_monster_closet_entryway,
          nicolae_trove_entry_diagonal, minmay_the_grid_square_5x5_3x3_mashed
          [minmay_the_grid_square_5x5_minibox,
          minmay_the_grid_square_5x5_detours,
          minmay_the_grid_square_5x5_inner_i,
          minmay_the_grid_square_5x5_three_small,
          minmay_the_grid_square_5x5_megaprize_diamond,
          minmay_the_grid_square_5x5_mess, minmay_the_grid_square_5x5_eight,
          minmay_the_grid_square_5x5_shrine1,
          minmay_the_grid_square_5x5_percent]
D:12:     nzn_winding_woodlands_three_and_one
          [nzn_winding_woodlands_5x15_default, nzn_winding_woodlands_5x15_cabin,
          nzn_winding_woodlands_5x15_default,
          nzn_winding_woodlands_center_diamonds], layout_loops_ring, uniq_lodul,
          uniq_kirke, uniq_frances
D:13:     layout_cave_pods, minmay_misc_feat_nine_boxes
D:14:     layout_gridville, david_vaults_4, chequers_serial_rivers_large_a,
          amcnicky_mini_rare_corridor_liquid, dk_noncrumbling_2, uniq_snorg
D:15:     gammafunk_enter_depths_forms, layout_irregular_city,
          nicolae_benzene_ring, gauntlet_entry_generic, uniq_azrael,
          uniq_rupert, uniq_roxanne
Temple:   oiseaux_autumnal_temple
Lair:1:   layout_regular_city, serial_bayou_lake_a, lemuel_fruit_fields
Lair:2:   layout_layer_cave, shoals_dummy_entry, serial_bayou_shore_b
Lair:3:   layout_loops_ring, guppyfry_snake_entry_garden,
          portal_ice_cave_entry_animals_and_master, kennysheep_abandoned_house,
          grunt_megastairs_5, infiniplex_staircase_pool_2
Lair:4:   layout_layer_cave, grunt_megastairs_4
Lair:5:   evil_forest, layout_hall_layers, dpeg_slime_entry_enclosed,
          minivault_25, chequers_serial_rivers_micro_b
Orc:1:    layout_caves, elf_legates
Orc:2:    st_orc_rangers, layout_diamond_mine, serial_shops,
          nicolae_book_shop_shelving

Skill      XL: |  1  2  3  4  5  6  7  8  9 10 11 12 13 14 15 16 |
---------------+-------------------------------------------------+-----
Earth Magic    | 2 3 4 5 6 7 8 9 |  9.7
Invocations    | 1 2 3 4 5 6 7 8 9 10 11 12 | 12.1
Fighting       | 1 2 3 4 5 6 8 9 10 11 | 11.1
Short Blades   | 1 2 3 4 5 6 8 9 10 11 | 11.1
Long Blades    | 1 2 3 4 5 6 8 9 10 11 | 11.1
Axes           | 1 2 3 4 5 6 8 9 10 11 | 11.1
Maces & Flails | 1 2 3 4 5 6 8 9 10 11 | 11.1
Polearms       | 1 2 3 4 5 6 8 9 10 11 | 11.1
Ranged Weapons | 1 2 3 4 5 6 8 9 10 11 | 11.1
Throwing       | 1 2 3 4 5 6 8 9 10 11 | 11.1
Armour         | 1 2 3 4 5 6 8 9 10 11 | 11.1
Stealth        | 1 2 3 4 5 6 8 9 10 11 | 11.1
Shields        | 1 2 3 4 5 6 8 9 10 11 | 11.1
Unarmed Combat | 1 2 3 4 5 6 8 9 10 11 | 11.1
Spellcasting   | 3 4 5 6 7 8 9 10 11 | 11.5
Conjurations   | 1 2 3 4 5 6 7 8 9 |  9.4
Hexes          | 1 2 3 4 5 6 7 8 9 |  9.4
Summonings     | 1 2 3 4 5 6 7 8 9 |  9.4
Necromancy     | 1 2 3 4 5 6 7 8 9 |  9.4
Translocations | 1 2 3 4 5 6 7 8 9 |  9.4
Transmutations | 1 2 3 4 5 6 7 8 9 |  9.4
Fire Magic     | 1 2 3 4 5 6 7 8 9 |  9.4
Ice Magic      | 1 2 3 4 5 6 7 8 9 |  9.4
Air Magic      | 1 2 3 4 5 6 7 8 9 |  9.4
Poison Magic   | 1 2 3 4 5 6 7 8 9 |  9.4
Shapeshifting  | 1 2 3 4 5 6 7 8 9 |  9.4
Evocations     | 3 4 5 6 7 8 9 10 11 | 11.4
Dodging        | 7 8 9 10 11 12 | 12.8
Staves         | 9 10 11 12 13 | 13.8

Action                     |  1- 3 |  4- 6 |  7- 9 | 10-12 | 13-15 | 16-18 || total
---------------------------+-------+-------+-------+-------+-------+-------++-------
  Melee: Quarterstaff      |    33 |       |       |       |       |       ||    33
         Bite              |     4 |     7 |    30 |   142 |   301 |   104 ||   588
         Cutlass           |     1 |    79 |   265 |  1008 |  1313 |   599 ||  3265
         Punch             |       |     1 |     5 |    15 |       |       ||    21
         Falchion          |       |       |       |       |   293 |    16 ||   309
   Cast: Sandblast         |    44 |    21 |    14 |    69 |     4 |       ||   152
         Stone Arrow       |       |       |       |    76 |   104 |    38 ||   218
         Sticky Flame      |       |       |       |     2 |   115 |    28 ||   145
         Fireball          |       |       |       |       |     4 |     4 ||     8
         Dazzling Flash    |       |       |       |       |     2 |       ||     2
  Evoke: Wand              |       |     2 |     7 |    15 |     9 |       ||    33
    Use: Scroll            |       |     6 |     1 |    13 |     9 |     6 ||    35
         Potion            |       |       |     1 |     5 |     5 |     1 ||    12
   Stab: Sleeping          |     1 |     3 |     5 |     3 |    21 |     4 ||    37
         Distracted        |       |       |       |       |     3 |     1 ||     4
 Armour: Robe              |     5 |    14 |    12 |       |       |       ||    31
         Ring mail         |       |       |    46 |   218 |   464 |   135 ||   863
         Skin              |       |       |       |       |    12 |       ||    12
  Dodge: Dodged            |    35 |    43 |   134 |   548 |   827 |   376 ||  1963
         Repelled          |       |       |       |       |       |     6 ||     6
  Block: Kite shield       |       |       |       |   330 |   928 |   415 ||  1673

Table legend: (Time is in decaauts)
 A = Elapsed time spent in this place.
 B = Non-inter-level travel time spent in this place.
 C = Inter-level travel time spent in this place.
 D = Time resting spent in this place.
 E = Time spent auto-exploring this place.
 F = Levels seen in this place.
 G = Mean time per level.
                   A        B        C        D        E       F      G
               +--------+--------+--------+--------+--------+-----+--------+
         Total |  30328 |  29051 |   1277 |   3908 |  17362 |  25 | 1213.1 |
       Dungeon |  16687 |  15797 |    890 |   1477 |  10556 |  15 | 1112.5 |
        Temple |     54 |      1 |     53 |      0 |      0 |   1 |   54.0 |
          Lair |   8662 |   8373 |    289 |    888 |   5242 |   5 | 1732.4 |
  Orcish Mines |   2400 |   2356 |     44 |    515 |   1114 |   2 | 1200.0 |
      Ice Cave |   1143 |   1143 |      0 |    744 |     26 |   1 | 1143.0 |
      Gauntlet |   1380 |   1380 |      0 |    284 |    423 |   1 | 1380.0 |
               +--------+--------+--------+--------+--------+-----+--------+

Top non-repeatable levels by time:
  Lair:2: 2489 daAuts
    D:11: 2113 daAuts
  Lair:1: 1765 daAuts
     D:8: 1618 daAuts
  Lair:5: 1601 daAuts
   Orc:1: 1547 daAuts
  Lair:4: 1534 daAuts
    D:12: 1460 daAuts
Gauntlet: 1380 daAuts
     D:7: 1337 daAuts
  Lair:3: 1272 daAuts
    D:14: 1261 daAuts
   IceCv: 1143 daAuts
    D:10: 1124 daAuts
     D:2: 1114 daAuts
